 Dungeon Crawl Stone Soup version 0.25-a0-942-g87a53962fc (webtiles) character file.

Game seed: 12629793686500156271, levelgen mode: deterministic

178612 Error4North the Severer (level 17, 0/156 HPs)
             Began as a Hill Orc Fighter on May 6, 2020.
             Was a High Priest of Okawaru.
             Slain by Asterion
             ... wielding a +2 demon trident of flaming
              (17 damage)
             ... on level 3 of the Snake Pit on May 7, 2020.
             The game lasted 02:12:56 (29921 turns).

Error4North the Severer (Hill Orc Fighter)         Turns: 29921, Time: 02:12:56

Health: 0/156      AC: 27    Str: 28    XL:     17   Next: 88%
Magic:  18/25      EV: 11    Int: 15    God:    Okawaru [*****.]
Gold:   1302       SH: 35    Dex:  8    Spells: 20/24 levels left

rFire    + + .     SeeInvis +   M - +12 broad axe "Soruo" {vamp, rF++}
rCold    + . .     Gourm    .   W - +5 tower shield {reflect}
rNeg     . . .     Faith    .   P - +0 plate armour
rPois    +         Spirit   .   u - +0 helmet
rElec    +         Reflect  +   H - +2 cloak {MR+}
rCorr    .         Harm     .   v - +0 pair of gloves
MR       +++..                  J - +0 pair of boots
Stlth    ..........             G - +6 amulet of reflection
HPRegen  0.36/turn              w - ring of Ojock {rElec rC+ Int+7 Dex-2 SInv}
MPRegen  0.19/turn              s - ring "Deanuce" {MR+ Str+4 Slay+2}

@: heroism, finesse
A: clumsy 1, poison resistance, sturdy frame 1
}: 1/15 runes: decaying
a: Heroism, Finesse, Renounce Religion


You were on level 3 of the Snake Pit.
You worshipped Okawaru.
Okawaru was extremely pleased with you.
You were not hungry.

You visited 6 branches of the dungeon, and saw 31 of its levels.
You also visited: Ice Cave and Volcano.

You collected 3914 gold pieces.
You spent 2612 gold pieces at shops.

Inventory:

Hand Weapons
 D - a +6 war axe of flaming
 M - the +12 broad axe "Soruo" (weapon) {vamp, rF++}
   (You found it on level 2 of the Swamp)

   It inflicts no extra harm, but heals its wielder when it wounds a living foe.
   It greatly protects you from fire.
Missiles
 p - 10 boomerangs (quivered)
 S - 10 silver boomerangs
Armour
 u - a +0 helmet (worn)
 v - a +0 pair of gloves (worn)
 H - a +2 cloak of magic resistance (worn)
 J - a +0 pair of boots (worn)
 P - a +0 plate armour (worn)
 W - a +5 tower shield of reflection (worn)
Jewellery
 s - the ring "Deanuce" (right hand) {MR+ Str+4 Slay+2}
   (You bought it in a shop on level 2 of the Orcish Mines)

   [ring of protection from magic]

   It affects your strength (+4).
   It affects your accuracy and damage with ranged weapons and melee attacks
   (+2).
   It affects your resistance to hostile enchantments.
 w - the ring of Ojock (left hand) {rElec rC+ Int+7 Dex-2 SInv}
   (You bought it in a shop on level 2 of the Orcish Mines)

   [ring of protection from cold]

   It affects your intelligence (+7).
   It affects your dexterity (-2).
   It protects you from cold.
   It insulates you from electricity.
   It lets you see invisible.
 G - a +6 amulet of reflection (around neck)
 T - an uncursed ring of positive energy
Wands
 o - a wand of paralysis (8)
 y - a wand of clouds (4)
 C - a wand of random effects (23)
 E - a wand of scattershot (7)
 F - a wand of acid (19)
 K - a wand of disintegration (10)
 L - a wand of flame (19)
 N - a wand of digging (11)
 Q - a wand of polymorph (7)
 Y - a wand of enslavement (6)
Scrolls
 a - 14 scrolls of identify
 b - 10 scrolls of remove curse
 e - 10 scrolls of teleportation
 i - a scroll of enchant weapon
 j - a scroll of blinking
 l - 6 scrolls of amnesia
 r - 7 scrolls of immolation
 A - 4 scrolls of magic mapping
 R - 3 scrolls of fog
 U - a scroll of fear
 X - a scroll of summoning
Potions
 d - a potion of might
 g - 4 potions of mutation
 h - 9 potions of heal wounds
 k - 3 potions of ambrosia
 m - 3 potions of flight
 n - 3 potions of resistance
 q - 3 potions of lignification
 t - a potion of magic {unknown}
 x - 15 potions of curing
 z - 3 potions of brilliance {unknown}
 B - 2 potions of invisibility {unknown}
 I - a potion of haste {unknown}
 O - 5 potions of berserk rage {unknown}
Miscellaneous
 Z - a lightning rod (4/4)
Comestibles
 c - 3 chunks of flesh
 f - 28 rations


   Skills:
 * Level 15.0(20.0) Fighting
 + Level 17.7(22.7) Axes
 + Level 3.5(8.5) Throwing
 * Level 12.6(17.6) Armour
 + Level 3.4(8.4) Dodging
 + Level 1.2(6.2) Stealth
 + Level 16.4(21.4) Shields
 * Level 4.1 Spellcasting
 * Level 5.3 Charms
 * Level 4.8 Translocations
 + Level 10.9 Invocations
 + Level 10.0 Evocations


You had 20 spell levels left.
You knew the following spells:

 Your Spells              Type           Power        Failure   Level  Hunger
a - Shroud of Golubria    Chrm/Tloc      ###...       19%         2    ##.....
b - Song of Slaying       Chrm           ###.....     17%         2    ##.....

Your spell library contained the following spells:

 Spells                   Type           Power        Failure   Level  Hunger
 Infusion                 Chrm           ###.         12%         1    None
 Blink                    Tloc           N/A          22%         2    ##.....
 Beastly Appendage        Tmut           #.....       71%         1    None
 Magic Dart               Conj           #...         71%         1    None
 Ozocubu's Armour         Chrm/Ice       ##......     71%         3    ###....
 Spectral Weapon          Hex/Chrm       ##......     71%         3    ###....
 Call Imp                 Summ           #.......     83%         2    ##.....
 Ensorcelled Hibernation  Hex/Ice        #.....       83%         2    ##.....
 Slow                     Hex            #.......     83%         2    ##.....
 Sticks to Snakes         Tmut           #.......     83%         2    ##.....
 Conjure Flame            Conj/Fire      #.......     97%         3    ###....
 Mephitic Cloud           Conj/Pois/Air  #.......     97%         3    ###....
 Spider Form              Tmut/Pois      #.........   97%         3    ###....
 Ice Form                 Ice/Tmut       #.......     100%        4    ####...
 Blade Hands              Tmut           #.........   100%        5    ######.
 Bolt of Magma            Conj/Fire/Erth #.........   100%        5    ######.
 Borgnjor's Vile Clutch   Necr/Erth      #.........   100%        5    ######.
 Irradiate                Conj/Tmut      #.........   100%        5    ######.
 Iskenderun's Battlesphe  Conj/Chrm      ##......     100%        5    ######.
 Silence                  Hex/Air        #.........   100%        5    ######.
 Darkness                 Hex            #.........   100%        6    #######
 Hydra Form               Tmut           #.........   100%        6    #######
 Iron Shot                Conj/Erth      #.........   100%        6    #######
 Shadow Creatures         Summ           N/A          100%        6    #######
 Statue Form              Tmut/Erth      #........    100%        6    #######
 Dragon Form              Tmut           #.........   100%        7    #######
 Orb of Destruction       Conj           #.........   100%        7    #######
 Spellforged Servitor     Conj/Summ      #.........   100%        7    #######


Dungeon Overview and Level Annotations

Branches:
Dungeon (15/15)            Temple (1/1) D:5            Lair (6/6) D:8
  Swamp (4/4) Lair:3        Snake (3/4) Lair:3        Slime (0/5) Lair:5
    Orc (2/2) D:10            Elf (0/3) Orc:2        Vaults (0/5) D:14
  IceCv (visited)         Volcano (visited)
 Depths: D:15

Altars:
Ashenzari
Cheibriados
Dithmenos
Elyvilon
Fedhas
Gozag
Hepliaklqana
Kikubaaqudgha
Makhleb
Nemelex Xobeh
Okawaru
Qazlal
Ru
Sif Muna
Trog
Uskayaw
Vehumet
Wu Jian
Xom
Yredelemnul
Zin
The Shining One
Beogh

Shops:
D:4 =*???   D:5 *   D:7 %   D:12 !   D:13 [=?   Orc:2 !=:=

Annotations:
D:3 2 runed translucent doors, Edwards80's ghost, amateur HuCj
Lair:5 exclusion: 2 oklob plants
Snake:3 Asterion


Innate Abilities, Weirdness & Mutations

You are clumsy. (Dex -2)
Your system is resistant to poisons. (rPois)
Your movements are slightly less encumbered by armour. (ER -2)


Message History

Asterion burns you.
You slash the Executioner!
The Executioner is moderately wounded.
The Executioner hits you!
* * * LOW HITPOINT WARNING * * *
The Executioner hits you but does no damage.
The Executioner hits you.
* * * LOW HITPOINT WARNING * * *
You block the Executioner's attack. x3
You block the Executioner's attack. x2; The Executioner hits you.
* * * LOW HITPOINT WARNING * * *
You block Asterion's attack. The Executioner hits you!!
* * * LOW HITPOINT WARNING * * *
You block the Executioner's attack.
The Executioner hits you but does no damage.
You block the Executioner's attack. x3
The Executioner hits you but does no damage. x2
You block the Executioner's attack.
Asterion hits you from afar with a +2 demon trident of flaming!
You die...

# ##... ##.
#...## ##
##..####....###..
#..............[.
#..............#
#..............#
#......H.......#
#......1.......#
#.<...@...)....#
#.........###[.##
#.... #.........#
#....##....
#.........#
#..........
#.........#
#..........
#...###...#
#.......... #...#
##..# #..........
#...## #..#
#......... #....#
#..# #.....†...


You could see Asterion and an Executioner.

Vanquished Creatures
  Vashnia (Snake:2)
  A tentacled monstrosity (Swamp:2)
  Gastronok (Orc:1)
  Kirke (Lair:5)
  Agnes (D:14)
  2 thorn hunters
  Donald (Swamp:1)
  2 azure jellies (Swamp:4)
  A nagaraja (Snake:2)
  Louise (Swamp:1)
  A stone giant (Volcano)
  Azrael (Snake:1)
  An ettin (Orc:1)
  8 hydras
  2 naga warriors
  2 shambling mangroves
  3 ice dragons
  2 centaur warriors (D:14)
  4 ghost crabs
  6 anacondas
  2 two-headed ogres
  16 death yaks
  6 orc high priests (Orc:2)
  12 alligators
  4 shock serpents
  7 naga sharpshooters
  A salamander mystic (Snake:3)
  A fire crab (D:14)
  3 sea snakes (Snake:1)
  A spriggan druid (Swamp:4)
  2 unseen horrors (D:14)
  4 swamp dragons
  Pikel (D:7)
  4 orc knights
  2 manticores (D:11)
  An orc sorcerer (Orc:1)
  A cyclops (Orc:1)
  2 oklob plants (Lair:5)
  7 salamanders
  An ugly thing (D:13)
  A guardian serpent (Snake:2)
  19 black mambas
  2 ice statues (IceCv)
  2 centaur zombies
  10 elephants
  2 torpor snails (Lair:6)
  9 naga magi
  3 gargoyles
  28 spiny frogs
  2 molten gargoyles (Volcano)
  12 komodo dragons
  5 rime drakes
  An efreet (Volcano)
  2 ice devils (D:11)
  4 freezing wraiths (Swamp:4)
  2 trolls
  A harpy zombie (D:14)
  10 hornets
  A polar bear (shapeshifter) (D:13)
  11 tyrant leeches
  30 blink frogs
  7 bog bodies
  10 slime creatures
  A meliai zombie (D:12)
  9 hippogriffs
  4 shadows
  A vampire (D:9)
  7 spriggans
  3 wyverns
  A basilisk (Lair:5)
  A wraith (D:7)
  34 yaks
  3 hogs (Lair:5)
  A steam dragon (D:10)
  2 fire bats (Volcano)
  4 fire elementals
  2 hungry ghosts
  Menkaure (D:7)
  3 swamp worm simulacra (Swamp:4)
  22 vampire mosquitoes
  8 insubstantial wisps
  12 wargs
  12 swamp worms
  A two-headed ogre zombie (D:10)
  16 nagas
  2 soldier ants
  2 acid dragons
  15 hydra simulacra (Swamp:4)
  A hell hound (Snake:2)
  12 water moccasins
  10 swamp drakes
  7 porcupines
  15 ice beasts
  12 orc warriors
  3 sky beasts
  2 slaves (D:7)
  3 phantoms
  4 black bears
  4 ogres
  7 wolves
  16 crocodiles
  6 centaurs
  A big kobold (D:14)
  Blork the orc (D:6)
  29 bullfrogs
  A gnoll sergeant (D:9)
  A wyvern zombie (D:14)
  2 earth elementals (Volcano)
  A wyvern skeleton (D:13)
  2 scorpions
  6 killer bees (D:11)
  3 wights (D:6)
  An electric eel (Lair:6)
  4 crimson imps
  4 lava snakes (Volcano)
  A quasit (D:9)
  3 bullfrog zombies
  6 hounds
  2 jellies (D:8)
  13 orc wizards
  32 orc priests
  2 bullfrog skeletons (D:12)
  3 centaur skeletons
  3 iguanas
  Jessica (D:3)
  14 worker ants
  Natasha (thrice) (D:4)
  A killer bee zombie (D:6)
  7 ogre zombies (D:10)
  A hound zombie (D:4)
  12 adders
  8 gnolls
  2 shadow imps
  5 swamp drake simulacra (Swamp:4)
  2 adder skeletons
  3 worms (D:2)
  5 leopard geckos
  76 orcs
  5 giant cockroaches
  5 goblins
  9 hobgoblins
  3 jackals (D:5)
  5 quokkas
  8 ball pythons
  6 bats
  5 frilled lizards
  2 goblin skeletons (D:10)
  2 goblin zombies (D:10)
  2 hobgoblin skeletons (D:10)
  A hobgoblin zombie (D:10)
  16 kobolds
  A leopard gecko skeleton (D:4)
  5 orc skeletons (D:10)
  13 orc zombies (D:10)
  6 rats
  4 fungi
  2 plants (Lair:6)
924 creatures vanquished.

Vanquished Creatures (others)
  Harold (D:7)
  A vault guard (D:14)
  An alligator (Swamp:1)
  3 naga sharpshooters
  A swamp dragon (Swamp:3)
  A cyclops (D:14)
  A yaktaur (D:15)
  A tyrant leech (Swamp:1)
  A slave (D:7)
  A centaur (D:7)
  An orc (Orc:1)
  8 fungi
  44 plants (Lair:6)
65 creatures vanquished.

Grand Total: 989 creatures vanquished

Notes
Turn   | Place    | Note
-------+----------+-------------------------------------------
     0 | D:1      | Error4North the Hill Orc Fighter began the quest for the
                  | Orb.
     0 | D:1      | Reached XP level 1. HP: 19/19 MP: 1/1
   224 | D:1      | Reached XP level 2. HP: 27/27 MP: 2/2
   593 | D:2      | Found a blossoming altar of Fedhas.
   631 | D:2      | Found a bloodstained altar of Trog.
   674 | D:2      | Reached XP level 3. HP: 33/33 MP: 3/3
   996 | D:2      | Found a bloodstained altar of Trog.
   998 | D:2      | Found a hide-covered altar of Uskayaw.
  1001 | D:2      | Found a shadowy altar of Dithmenos.
  1073 | D:2      | Reached skill level 3 in Axes
  1195 | D:3      | Noticed Jessica
  1199 | D:3      | Reached XP level 4. HP: 29/40 MP: 4/4
  1216 | D:3      | Killed Jessica
  1300 | D:3      | Reached XP level 5. HP: 7/47 MP: 5/5
  1649 | D:3      | Reached skill level 4 in Axes
  1857 | D:3      | Found a large runed translucent door.
  1857 | D:3      | Found a large runed translucent door.
  1860 | D:3      | Noticed Edwards80's ghost (amateur HuCj)
  2114 | D:3      | Reached XP level 6. HP: 51/53 MP: 6/6
  2331 | D:4      | Reached skill level 1 in Dodging
  2474 | D:4      | Found Urghielo's Magic Scroll Shoppe.
  2482 | D:4      | Bought a scroll of remove curse for 33 gold pieces
  2528 | D:4      | Found Weoss's Magic Scroll Emporium.
  2578 | D:4      | Found Itaf's Jewellery Shoppe.
  2589 | D:4      | Found Wugoops's General Store.
  2591 | D:4      | Reached skill level 5 in Axes
  2591 | D:4      | Reached skill level 5 in Shields
  2610 | D:4      | Found an ancient bone altar of Kikubaaqudgha.
  2629 | D:4      | Noticed Natasha
  2642 | D:4      | Killed Natasha
  2642 | D:4      | Reached skill level 5 in Fighting
  2659 | D:4      | Noticed Natasha
  2680 | D:4      | Killed Natasha
  2680 | D:4      | Reached XP level 7. HP: 56/61 MP: 7/7
  2718 | D:4      | Found Tempubre's Magic Scroll Shop.
  2721 | D:4      | Bought a scroll of noise for 13 gold pieces
  2807 | D:4      | You fall into a shaft and drop 1 floor!
  2807 | D:5      | Entered Level 5 of the Dungeon
  2809 | D:5      | Found an iron altar of Okawaru.
  2823 | D:5      | Became a worshipper of Warmaster Okawaru
  2956 | D:4      | Noticed Natasha
  2960 | D:4      | Killed Natasha
  2960 | D:4      | Reached skill level 5 in Armour
  3398 | D:5      | Found Gozag's Platinum Reserve.
  3404 | D:5      | Found an opulent altar of Gozag.
  3464 | D:5      | Reached skill level 6 in Axes
  3489 | D:5      | Found a staircase to the Ecumenical Temple.
  3500 | Temple   | Entered the Ecumenical Temple
  3881 | D:6      | Reached XP level 8. HP: 52/69 MP: 8/8
  4079 | D:6      | Noticed Blork the orc
  4097 | D:6      | Killed Blork the orc
  4109 | D:6      | Reached * piety under Okawaru
  4247 | D:6      | Reached skill level 7 in Axes
  4276 | D:6      | Found a stormy altar of Qazlal.
  4530 | D:6      | Reached skill level 1 in Throwing
  4848 | D:7      | Found Vehasozi's Food Shoppe.
  4857 | D:7      | Reached XP level 9. HP: 75/75 MP: 9/9
  4876 | D:7      | Reached skill level 8 in Axes
  5121 | D:7      | Found a white marble altar of Elyvilon.
  5123 | D:7      | Noticed Pikel
  5151 | D:7      | Killed Pikel
  5151 | D:7      | Reached ** piety under Okawaru
  5151 | D:7      | Reached skill level 1 in Invocations
  5151 | D:7      | Reached skill level 1 in Evocations
  5197 | D:7      | Noticed Harold
  5211 | D:7      | Killed Harold
  5211 | D:7      | Reached skill level 9 in Axes
  5289 | D:7      | Noticed Menkaure
  5675 | D:7      | Killed Menkaure
  5675 | D:7      | Reached XP level 10. HP: 39/86 MP: 12/12
  6439 | D:8      | Found a staircase to the Lair.
  6629 | D:9      | Found an ornate altar of the Wu Jian Council.
  7160 | D:9      | Gained mutation: You are clumsy. (Dex -2) [potion of
                  | mutation]
  7160 | D:9      | Gained mutation: Your movements are slightly less
                  | encumbered by armour. (ER -2) [potion of mutation]
  7160 | D:9      | Gained mutation: Your system is resistant to poisons.
                  | (rPois) [potion of mutation]
  7569 | D:10     | Entered Level 10 of the Dungeon
  7679 | D:10     | Reached *** piety under Okawaru
  7679 | D:10     | Reached skill level 10 in Axes
  7843 | D:10     | Noticed a two-headed ogre
  7860 | D:10     | Killed a two-headed ogre
  7912 | D:10     | Found a staircase to the Orcish Mines.
  8396 | Orc:1    | Entered Level 1 of the Orcish Mines
  8396 | Orc:1    | Noticed Gastronok
  8411 | Orc:1    | Killed Gastronok
  8411 | Orc:1    | Reached **** piety under Okawaru
  8411 | Orc:1    | Reached skill level 11 in Axes
  8411 | Orc:1    | Reached skill level 5 in Invocations
  8411 | Orc:1    | Reached XP level 11. HP: 51/95 MP: 12/15
  8428 | Orc:1    | Noticed an orc knight
  8550 | Orc:1    | Killed an orc knight
  8550 | Orc:1    | Received a gift from Okawaru
  8555 | Orc:1    | Noticed an orc knight
  8580 | D:10     | Killed an orc knight
  8797 | D:11     | Found a frozen archway.
  8817 | D:11     | Reached skill level 10 in Shields
  8832 | IceCv    | Entered an ice cave
  8859 | IceCv    | Reached ***** piety under Okawaru
  8869 | IceCv    | Received a gift from Okawaru
  8955 | IceCv    | HP: 1/97 [ice statue] (17)]
  8971 | IceCv    | Received a gift from Okawaru
  9804 | IceCv    | Reached skill level 12 in Axes
  9968 | IceCv    | Received a gift from Okawaru
 10004 | IceCv    | Noticed an ice dragon
 10025 | IceCv    | Killed an ice dragon
 10025 | IceCv    | Reached skill level 5 in Evocations
 10097 | IceCv    | Got a slimy steel ring
 10110 | IceCv    | Identified the ring "Osiac" {rF- rC+ Str+3 Int+3} (You
                  | found it in an ice cave)
 10494 | D:11     | Noticed a manticore
 10500 | D:11     | Killed a manticore
 10585 | D:11     | Reached XP level 12. HP: 105/105 MP: 16/16
 11074 | D:11     | Noticed a two-headed ogre
 11082 | D:11     | Killed a two-headed ogre
 11442 | D:12     | Got a warped chain mail
 11443 | D:12     | Identified the cursed +1 chain mail "Raicvoyn" {rElec} (You
                  | found it on level 12 of the Dungeon)
 11489 | D:12     | Found Horashri's Distillery.
 11509 | D:12     | Bought a potion of degeneration for 16 gold pieces
 12294 | D:13     | Reached skill level 10 in Fighting
 12318 | D:13     | You fall into a shaft and drop 2 floors!
 12318 | D:15     | Entered Level 15 of the Dungeon
 12379 | D:14     | Reached skill level 13 in Axes
 12688 | D:14     | Noticed a centaur warrior
 12689 | D:14     | Noticed a centaur warrior
 12696 | D:14     | Killed a centaur warrior
 12700 | D:14     | Killed a centaur warrior
 12736 | D:13     | Found Neusum's Antique Armour Shop.
 12924 | D:13     | Found Gaoqeh's Jewellery Emporium.
 12925 | D:13     | Found Zohoqias's Magic Scroll Shoppe.
 12932 | D:13     | Bought the ring of Xieboumm {Slay+3 SInv} for 484 gold
                  | pieces
 12944 | D:13     | Bought a scroll of brand weapon for 280 gold pieces
 12944 | D:13     | Bought a scroll of enchant weapon for 105 gold pieces
 13478 | Lair:1   | Entered Level 1 of the Lair of Beasts
 13635 | Lair:1   | Received a gift from Okawaru
 13729 | Lair:1   | Reached XP level 13. HP: 114/114 MP: 17/19
 15388 | Lair:3   | Found a staircase to the Swamp.
 15469 | Lair:3   | Reached skill level 14 in Axes
 15566 | Lair:3   | Found a staircase to the Snake Pit.
 15615 | Lair:3   | Reached skill level 10 in Armour
 15801 | Lair:3   | Received a gift from Okawaru
 17093 | Lair:4   | Reached XP level 14. HP: 124/124 MP: 21/21
 17352 | Lair:5   | Noticed Kirke
 17376 | Lair:5   | Received a gift from Okawaru
 17383 | Lair:5   | Killed Kirke
 17626 | Lair:5   | Found a dark tunnel.
 17644 | Volcano  | Entered a volcano
 17966 | Volcano  | Found a radiant altar of Vehumet.
 17975 | Volcano  | Reached skill level 10 in Invocations
 18075 | Volcano  | Noticed a stone giant
 18081 | Volcano  | Killed a stone giant
 18317 | Lair:5   | Received a gift from Okawaru
 18422 | Lair:5   | Reached skill level 15 in Axes
 18584 | Lair:5   | Found a shimmering altar of Xom.
 19122 | Lair:6   | Entered Level 6 of the Lair of Beasts
 19383 | Lair:6   | Reached XP level 15. HP: 134/134 MP: 20/22
 19441 | Lair:6   | Received a gift from Okawaru
 19879 | Lair:6   | Learned a level 2 spell: Shroud of Golubria
 19882 | Lair:6   | Learned a level 2 spell: Song of Slaying
 20260 | Lair:5   | Found a staircase to the Slime Pits.
 20713 | Orc:1    | Reached ****** piety under Okawaru
 21164 | Orc:2    | Entered Level 2 of the Orcish Mines
 21236 | Orc:2    | Found Quasulom's Distillery.
 21252 | Orc:2    | Bought 2 potions of flight for 90 gold pieces
 21252 | Orc:2    | Bought a potion of curing for 45 gold pieces
 21257 | Orc:2    | Found Umirich's Jewellery Shoppe.
 21281 | Orc:2    | Bought the ring "Deanuce" {MR+ Str+4 Slay+2} for 634 gold
                  | pieces
 21505 | Orc:2    | Received a gift from Okawaru
 21512 | Orc:2    | Reached skill level 1 in Charms
 21536 | Orc:2    | Found a roughly hewn altar of Beogh.
 21695 | Orc:2    | Found a staircase to the Elven Halls.
 21704 | Orc:2    | Found Minehou's Book Shop.
 21738 | Orc:2    | Found Qick's Jewellery Shoppe.
 21765 | Orc:2    | Reached skill level 1 in Spellcasting
 21777 | Orc:2    | Bought the ring of Ojock {rElec rC+ Int+7 Dex-2 SInv} for
                  | 912 gold pieces
 22372 | Orc:2    | Found a shimmering altar of Xom.
 23057 | D:14     | Noticed Agnes
 23077 | D:14     | Killed Agnes
 23077 | D:14     | Reached skill level 1 in Translocations
 23093 | D:14     | Received a gift from Okawaru
 23469 | D:14     | Reached skill level 15 in Shields
 23473 | D:14     | Found a gate to the Vaults.
 23481 | D:14     | Reached skill level 16 in Axes
 23916 | Swamp:1  | Entered Level 1 of the Swamp
 23997 | Swamp:1  | Noticed Louise
 24012 | Swamp:1  | Killed Louise
 24126 | Swamp:1  | Noticed Donald
 24148 | Swamp:1  | Killed Donald
 24148 | Swamp:1  | Reached XP level 16. HP: 138/145 MP: 17/24
 24288 | Swamp:1  | Received a gift from Okawaru
 24296 | Swamp:1  | Got a translucent broad axe {god gift}
 24314 | Swamp:1  | Identified the +5 broad axe "Weopod" {freeze, rF+ Dex+2}
                  | (Okawaru gifted it to you on level 1 of the Swamp)
 24836 | Swamp:1  | Noticed a thorn hunter
 24850 | Swamp:1  | Killed a thorn hunter
 25193 | Swamp:2  | Got an ancient broad axe
 25195 | Swamp:2  | Identified the +12 broad axe "Soruo" {vamp, rF++} (You
                  | found it on level 2 of the Swamp)
 25637 | Swamp:2  | Noticed a tentacled monstrosity
 25660 | Swamp:2  | Killed a tentacled monstrosity
 26676 | Swamp:4  | Entered Level 4 of the Swamp
 26727 | Swamp:4  | Received a gift from Okawaru
 26750 | Swamp:4  | Noticed a thorn hunter
 26766 | Swamp:4  | Killed a thorn hunter
 26829 | Swamp:4  | Reached skill level 10 in Evocations
 27198 | Swamp:4  | Received a gift from Okawaru
 27241 | Swamp:4  | Noticed an azure jelly
 27253 | Swamp:4  | Killed an azure jelly
 27257 | Swamp:4  | Reached XP level 17. HP: 146/154 MP: 25/25
 27494 | Swamp:4  | Got a decaying rune of Zot
 27730 | Swamp:4  | Reached skill level 17 in Axes
 28087 | Snake:1  | Entered Level 1 of the Snake Pit
 28588 | Snake:2  | Noticed Vashnia
 28589 | Snake:2  | Noticed Azrael
 28608 | Snake:1  | Killed Azrael
 28977 | Snake:2  | Reached skill level 1 in Stealth
 29084 | Snake:2  | Received a gift from Okawaru
 29087 | Snake:2  | Got an encrusted broad axe {god gift}
 29125 | Snake:1  | Identified the +8 broad axe of Huuthecw {vamp, rPois rC+
                  | rN+} (Okawaru gifted it to you on level 2 of the Snake Pit)
 29285 | Snake:2  | Killed Vashnia
 29288 | Snake:2  | Reached skill level 5 in Charms
 29639 | Snake:3  | Reached skill level 15 in Fighting
 29747 | Snake:3  | Received a gift from Okawaru
 29908 | Snake:3  | Noticed Asterion
 29913 | Snake:3  | Noticed an Executioner
 29921 | Snake:3  | Slain by Asterion

Levels and vault maps discovered:
D:1:      scummos_arrival_simple_crosswalls, layout_loops_ring
D:2:      layout_rooms, overflow_temple_1_default, grunt_temple_overflow_open,
          trog_three_pillars_becter
D:3:      layout_loops_cross, ebering_ghost_disaster_area, uniq_jessica
D:4:      layout_cave_pools, overflow_temple_1_default, first_ration,
          serial_shops, kennysheep_mini, nicolae_shop_behind_doors, shop, shop,
          kennysheep_little_box, uniq_natasha
D:5:      layout_basic, okawaru_trees_2, minmay_temple_entry_grid,
          nicolae_gozag_zags_fifth_avenue
D:6:      layout_basic, hangedman_decor_riveting,
          nicolae_qazlal_general_emergency, uniq_blork_the_orc
D:7:      layout_loops_ring, nicolae_overflow_hidden_temple, serial_shops, shop,
          the_bakery, uniq_menkaure, uniq_harold, uniq_pikel
D:8:      layout_loops_ring, lair_entry_dummy, minmay_misc_feat_chi
D:9:      layout_irregular_city, nicolae_overflow_crystal_walls
D:10:     layout_roguey, zombieorc2_lemuel
D:11:     layout_loops_corners, portal_ice_cave_demonic_guard
D:12:     layout_small_grid, serial_shops, shop
D:13:     layout_loops_ring, serial_shops, nicolae_shop_waterfront, shop, shop,
          kennysheep_small_circle
D:14:     layout_cave_pools, david_vaults_5, serial_bayou_pond_c, uniq_agnes
D:15:     grunt_enter_depths_magical_seal, layout_basic
Temple:   jpeg_temple_clearing
Lair:1:   layout_small_grid, minmay_hedge_maze, minivault_25, st_stairs_4,
          beast_lair_carwin_7, grunt_megastairs_2
Lair:2:   layout_hall_layers, st_stairs_12, lemuel_fruit_fields
Lair:3:   layout_regular_city, minmay_swamp_entry_reptiles,
          guppyfry_snake_entry_garden
Lair:4:   beast_lair_carwin_large_3, layout_cave_shapes
Lair:5:   layout_big_grid, minmay_slime_entry_oklob_enclosed,
          nicolae_volcano_entry_lava_flow, lemuel_oklob_altar, uniq_kirke
Lair:6:   minmay_lair_end_frog_pond, layout_loops_ring, st_stairs_11
Swamp:1:  layout_basic_swamp, evilmike_swamp_ruin_house_2, uniq_donald,
          uniq_louise
Swamp:2:  cheibrodos_swamp_monstrosity, layout_basic_swamp,
          nicolae_swamp_rocky_clearing, infiniplex_staircase_pool
Swamp:3:  layout_basic_swamp, serial_swamp_ruin, evilmike_swamp_ruin_wall,
          evilmike_swamp_ruin_house_5, swamp_pool5
Swamp:4:  swamp_icy, layout_basic_swamp
Snake:1:  layout_rooms, nicolae_snake_springs
Snake:2:  layout_misc_corridors, uniq_azrael, uniq_vashnia
Snake:3:  layout_onion, grunt_megastairs_3, uniq_asterion
Orc:1:    layout_caves, uniq_gastronok
Orc:2:    st_orc_town, layout_caves, basic_altar

Skill      XL: |  1  2  3  4  5  6  7  8  9 10 11 12 13 14 15 16 17 |
---------------+----------------------------------------------------+-----
Shields        | 4 5 6 7 8 9 10 11 13 14 15 16 | 16.4
Axes           | 3 4 5 6 7 9 11 12 13 14 15 16 17 | 17.7
Fighting       | 4 5 6 7 8 9 10 11 12 13 14 15 | 15.0
Armour         | 4 5 6 7 8 9 10 11 12 | 12.6
Dodging        | 1 2 3 |  3.4
Throwing       | 1 2 3 |  3.5
Invocations    | 3 5 6 8 9 10 | 10.9
Evocations     | 2 4 5 6 7 8 9 10 | 10.0
Charms         | 2 4 5 |  5.3
Spellcasting   | 1 3 4 |  4.1
Translocations | 1 3 4 |  4.8
Stealth        | 1 |  1.2

Action                   |  1- 3 |  4- 6 |  7- 9 | 10-12 | 13-15 | 16-18 || total
-------------------------+-------+-------+-------+-------+-------+-------++-------
Melee: War axe           |    91 |   145 |   245 |   606 |   304 |    13 ||  1404
       Broad axe         |       |       |       |       |   584 |   721 ||  1305
Throw: Boomerang         |       |     6 |    31 |    19 |    47 |    50 ||   153
Invok: Heroism           |       |       |     2 |    18 |    26 |    16 ||    62
       Finesse           |       |       |       |     2 |     6 |     2 ||    10
Evoke: Wand              |       |       |     2 |     2 |    29 |    10 ||    43
  Use: Scroll            |       |     4 |       |     6 |    15 |     2 ||    27
       Potion            |       |       |     1 |     5 |     2 |     3 ||    11
  Eat: Chunk             |     1 |     4 |    10 |    18 |    24 |    19 ||    76
       Ration            |       |       |       |     3 |     3 |       ||     6
Armor: Scale mail        |    59 |    78 |    69 |       |       |       ||   206
       Chain mail        |       |       |     1 |    52 |       |       ||    53
       Plate armour      |       |       |       |   115 |   220 |   216 ||   551
       Skin              |       |       |       |       |       |     9 ||     9
Dodge: Dodged            |    32 |    38 |    86 |   108 |   121 |   105 ||   490
Block: Kite shield       |    64 |    80 |   141 |   458 |   111 |       ||   854
       Reflection        |       |       |     2 |    14 |    33 |    94 ||   143
       Tower shield      |       |       |       |       |   861 |  1040 ||  1901

Table legend:
 A = Non-vault XP
 B = Vault XP
 C = Vault XP percentage of total XP
 D = Non-vault monster count
 E = Vault monster count
 F = Vault count percentage of total count
                 A         B        C        D         E       F
            +---------+---------+-------+---------+---------+-------
      Total |  155246 |   81343 |  34.4 |     632 |     294 |  31.7
            +---------+---------+-------+---------+---------+-------
        D:1 |      16 |       0 |   0.0 |      13 |       0 |   0.0
        D:2 |      55 |       0 |   0.0 |      22 |       0 |   0.0
        D:3 |     214 |      37 |  14.7 |      34 |       1 |   2.9
        D:4 |     361 |      35 |   8.8 |      14 |       1 |   6.7
        D:5 |     400 |       0 |   0.0 |      14 |       0 |   0.0
        D:6 |    1038 |      96 |   8.5 |      26 |       1 |   3.7
        D:7 |     677 |    1863 |  73.3 |      15 |       4 |  21.1
        D:8 |     579 |       0 |   0.0 |      17 |       0 |   0.0
        D:9 |     485 |       0 |   0.0 |       9 |       0 |   0.0
       D:10 |    2436 |     729 |  23.0 |      19 |      36 |  65.5
       D:11 |    3965 |     734 |  15.6 |      27 |       2 |   6.9
       D:12 |    2160 |       0 |   0.0 |      19 |       0 |   0.0
       D:13 |    1515 |     165 |   9.8 |       6 |       2 |  25.0
       D:14 |    8244 |    4302 |  34.3 |      33 |       5 |  13.2
       D:15 |    1233 |       0 |   0.0 |       3 |       0 |   0.0
     Lair:1 |    4876 |    1634 |  25.1 |      26 |       8 |  23.5
     Lair:2 |    2824 |     143 |   4.8 |      10 |       1 |   9.1
     Lair:3 |    6356 |     618 |   8.9 |      25 |       5 |  16.7
     Lair:4 |    5175 |    4960 |  48.9 |      19 |      11 |  36.7
     Lair:5 |   11038 |    3890 |  26.1 |      28 |       6 |  17.6
     Lair:6 |   12439 |   12807 |  50.7 |      27 |      49 |  64.5
    Swamp:1 |   15191 |    3666 |  19.4 |      38 |       2 |   5.0
    Swamp:2 |    6504 |    2863 |  30.6 |      19 |       1 |   5.0
    Swamp:3 |   14786 |     396 |   2.6 |      31 |       3 |   8.8
    Swamp:4 |   12232 |    8002 |  39.5 |      28 |      31 |  52.5
    Snake:1 |    8289 |    7620 |  47.9 |      16 |      19 |  54.3
    Snake:2 |   10338 |    8878 |  46.2 |      19 |       9 |  32.1
    Snake:3 |   14371 |       0 |   0.0 |      28 |       0 |   0.0
      Orc:1 |    5303 |    2213 |  29.4 |      30 |       1 |   3.2
      Orc:2 |    2146 |    7230 |  77.1 |      17 |      63 |  78.8
      IceCv |       0 |    4469 | 100.0 |       0 |      19 | 100.0
    Volcano |       0 |    3993 | 100.0 |       0 |      14 | 100.0
            +---------+---------+-------+---------+---------+-------
